 Dungeon Crawl Stone Soup version 0.26-a0-639-g72c4674329 (webtiles) character file.

Game seed: 9051223222901252327

3161 Apogee the Thaumaturge (level 9, 0/45 HPs)
             Began as a Deep Elf Ice Elementalist on Sept 22, 2020.
             Was a Believer of Sif Muna.
             Slain by a gnoll
             ... wielding a +0 spear
              (7 damage)
             ... on level 8 of the Dungeon.
             The game lasted 00:24:51 (10659 turns).

Apogee the Thaumaturge (Deep Elf Ice Elementalist) Turns: 10659, Time: 00:24:52

Health: 0/45       AC:  4    Str:  5    XL:     9   Next: 62%
Magic:  19/27      EV: 13    Int: 24    God:    Sif Muna [**....]
Gold:   442        SH:  0    Dex: 15    Spells: 19/32 levels left

rFire    . . .     SeeInvis .   d - +0 dagger (elec)
rCold    . . .     Faith    .   (no shield)
rNeg     . . .     Spirit   .   a - +0 robe
rPois    .         Reflect  .   j - +0 helmet
rElec    .         Harm     .   q - +0 cloak
rCorr    .         Rampage  .   (no gloves)
MR       .....                  (no boots)
Stlth    ++........             (no amulet)
HPRegen  0.15/turn              (no ring)
MPRegen  0.20/turn              (no ring)

@: no status effects
A: no striking features
a: Channel Magic, Renounce Religion


You were on level 8 of the Dungeon.
You worshipped Sif Muna.
Sif Muna was pleased with you.
You visited 2 branches of the dungeon, and saw 9 of its levels.

You collected 442 gold pieces.

Inventory:

Hand Weapons
 d - a +0 dagger of electrocution (weapon)
   (You took it off a kobold on level 1 of the Dungeon)
Missiles
 c - 208 stones (quivered)
Armour
 a - a +0 robe (worn)
 j - a +0 helmet (worn)
   (You found it on level 1 of the Dungeon)
 q - a +0 cloak (worn)
   (You found it on level 2 of the Dungeon)
Jewellery
 f - an uncursed amulet of guardian spirit {unknown}
   (You found it on level 1 of the Dungeon)
 y - an uncursed ring of ice {unknown}
   (You found it on level 5 of the Dungeon)
 E - an uncursed ring of protection from cold {unknown}
   (You found it on level 3 of the Dungeon)
 F - an uncursed ring of positive energy {unknown}
   (You found it on level 8 of the Dungeon)
Wands
 t - a wand of flame (19)
   (You found it on level 8 of the Dungeon)
 u - a wand of paralysis (12)
   (You found it on level 6 of the Dungeon)
 v - a wand of digging (8)
   (You found it on level 4 of the Dungeon)
Scrolls
 b - a scroll of enchant weapon {unknown}
 e - 6 scrolls of teleportation {unknown}
 g - a scroll of fear {unknown}
 h - 14 scrolls of identify {unknown}
 i - 6 scrolls of remove curse {unknown}
 n - a scroll of enchant armour {unknown}
 p - 3 scrolls of amnesia {unknown}
 r - a scroll of fog {unknown}
 s - a scroll of blinking {unknown}
 x - 2 scrolls of magic mapping {unknown}
 A - a scroll of immolation {unknown}
Potions
 k - 3 potions of magic {unknown}
 l - 5 potions of curing {unknown}
 m - a potion of cancellation {unknown}
 o - 2 potions of heal wounds {unknown}
 w - 3 potions of brilliance {unknown}
 z - 3 potions of lignification {unknown}
 B - a potion of flight {unknown}
 C - a potion of mutation {unknown}
 D - a potion of haste {unknown}


   Skills:
 - Level 2.4 Dodging
 - Level 2.4 Stealth
 + Level 12.3 Spellcasting
 - Level 2.0 Hexes
 - Level 2.0 Summonings
 + Level 11.0 Ice Magic


You had 19 spell levels left.
You knew the following spells:

 Your Spells              Type           Power        Failure   Level
a - Freeze                Ice            ####         1%          1
b - Frozen Ramparts       Ice            ######       1%          3
c - Ozocubu's Armour      Ice            ######..     1%          3
d - Summon Ice Beast      Ice/Summ       #####...     2%          4
x - Ensorcelled Hibernat  Hex/Ice        #####.       1%          2

Your spell library contained the following spells:

 Spells                   Type           Power        Failure   Level
 Corona                   Hex            ###....      1%          1
 Hailstorm                Conj/Ice       #####...     4%          4
 Confusing Touch          Hex            ###.....     5%          3
 Tukima's Dance           Hex            ###.....     5%          3
 Dazzling Flash           Conj/Hex       ###...       9%          3


Dungeon Overview and Level Annotations

Branches:
Dungeon (8/15)             Temple (1/1) D:6
   Lair: D:8-11

Altars:
Elyvilon
Gozag
Nemelex Xobeh
Okawaru
Ru
Sif Muna
Trog
Uskayaw
Vehumet
Wu Jian
Xom
Zin
The Shining One
Beogh


Message History

The gnoll hits you from afar with a +0 spear.
You hit the gnoll sergeant but do no damage.
The gnoll hits you with a +0 club. The gnoll sergeant barely misses you.
Your ice beast misses the gnoll.
The gnoll hits you from afar with a +0 spear.
You hit the gnoll sergeant. The gnoll hits you with a +0 club!
The gnoll sergeant hits you with a +0 spear.
* * * LOW HITPOINT WARNING * * *
Your ice beast hits the gnoll.
Your ice beast freezes the gnoll!
The gnoll barely misses you. A film of ice covers your body!
Your ice beast disappears in a puff of smoke!
The gnoll hits your ice beast with a +0 club.
The gnoll sergeant barely misses you.
Your ice beast completely misses the gnoll sergeant.
The gnoll closely misses you.
The walls around you are covered in ice.
The wall freezes the gnoll sergeant!
The gnoll sergeant hits you but does no damage.
Your ice beast hits the gnoll sergeant but does no damage.
The gnoll hits your ice beast but does no damage.
The gnoll closely misses you.
You closely miss the gnoll sergeant.
The wall freezes the gnoll sergeant.
The gnoll sergeant hits you but does no damage.
Your ice beast closely misses the gnoll sergeant.
The gnoll hits your ice beast with a +0 club!
The gnoll hits you from afar with a +0 spear.
* * * LOW HITPOINT WARNING * * *
You barely miss the gnoll sergeant.
The wall freezes the gnoll sergeant!
You kill the gnoll sergeant!
Sif Muna accepts your kill.
Your ice beast hits the gnoll but does no damage.
The gnoll hits your ice beast with a +0 club!
The gnoll hits you but does no damage.
You hit the gnoll but do no damage.
Your ice beast disappears in a puff of smoke!
The gnoll hits you from afar with a +0 spear!
* * * LOW HITPOINT WARNING * * *
Your icy armour cracks and falls away as you move.
The gnoll hits you but does no damage.
Found 10 gold pieces.
The gnoll barely misses you. The gnoll barely misses you.
The gnoll hits you with a +0 spear.
* * * LOW HITPOINT WARNING * * *
The gnoll misses you.
There is a stone staircase leading up here.
The frozen ramparts melt away.
The gnoll hits you but does no damage.
The gnoll hits you from afar with a +0 spear!
You die...

#....a....#
#.........#
#.........#
#.........##
#..........######
#...............
#..............$
#...<@g.........
#......g...####
##.....).)##
##.......#
##..(...#
#..../..##
....(...†.#
..........#
..#####...##


You could see a worker ant (wandering) and 2 gnolls.

Vanquished Creatures
  An ice beast (D:6)
  A necrophage (D:8)
  4 phantoms
  3 ogres
  3 centaurs
  A big kobold (D:6)
  A gnoll sergeant (D:8)
  4 bullfrogs
  A scorpion (D:5)
  2 wights (D:5)
  2 howler monkeys
  3 jellies
  An orc wizard (D:7)
  3 orc priests (D:8)
  2 hounds
  A centaur skeleton (D:6)
  6 worker ants
  An iguana (D:5)
  Natasha (D:2)
  A hound skeleton (D:6)
  A hound zombie (D:5)
  A howler monkey skeleton (D:5)
  3 gnolls (D:3)
  8 adders
  A river rat (D:4)
  3 shadow imps
  3 white imps
  3 ufetubi
  3 worms
  An adder zombie (D:7)
  2 dart slugs
  8 leopard geckos
  23 orcs
  2 ball pythons
  8 bats
  9 giant cockroaches
  5 goblins
  7 hobgoblins
  10 jackals
  18 kobolds
  4 quokkas
  4 frilled lizards
  4 leopard gecko skeletons
  5 rats
178 creatures vanquished.

Vanquished Creatures (collateral kills)
  A two-headed ogre (D:8)
  2 orc warriors (D:8)
  A centaur (D:7)
  A hound (D:7)
  A jelly (D:7)
  2 orc wizards (D:8)
  2 gnolls (D:8)
  12 orcs
22 creatures vanquished.

Vanquished Creatures (others)
  9 plants
9 creatures vanquished.

Grand Total: 209 creatures vanquished

Notes
Turn   | Place    | Note
-------+----------+-------------------------------------------
     0 | D:1      | Apogee the Deep Elf Ice Elementalist began the quest for
                  | the Orb.
     0 | D:1      | Reached XP level 1. HP: 10/10 MP: 6/6
   200 | D:1      | Reached XP level 2. HP: 10/15 MP: 5/8
   521 | D:1      | Reached skill level 4 in Spellcasting
   626 | D:1      | Reached skill level 5 in Ice Magic
   626 | D:1      | Reached XP level 3. HP: 19/19 MP: 8/10
  1328 | D:2      | Found a bloodstained altar of Trog.
  1328 | D:2      | Found a sacrificial altar of Ru.
  1355 | D:2      | Learned a level 3 spell: Frozen Ramparts
  1359 | D:2      | Learned a level 3 spell: Ozocubu's Armour
  1520 | D:2      | Reached XP level 4. HP: 10/24 MP: 8/12
  1866 | D:2      | Found a glowing golden altar of the Shining One.
  1866 | D:2      | Found a glowing silver altar of Zin.
  1866 | D:2      | Found a white marble altar of Elyvilon.
  2142 | D:2      | Reached skill level 5 in Spellcasting
  2285 | D:2      | Noticed Natasha
  2294 | D:2      | Killed Natasha
  2621 | D:3      | Found a hide-covered altar of Uskayaw.
  2654 | D:3      | Learned a level 2 spell: Ensorcelled Hibernation
  2818 | D:3      | Reached XP level 5. HP: 28/28 MP: 10/14
  2819 | D:3      | Reached skill level 1 in Hexes
  3448 | D:4      | Reached skill level 6 in Spellcasting
  3646 | D:4      | Noticed an ogre
  3654 | D:4      | Reached XP level 6. HP: 32/32 MP: 7/17
  3793 | D:4      | Reached skill level 7 in Spellcasting
  4023 | D:4      | Reached XP level 7. HP: 33/36 MP: 15/19
  4728 | D:5      | Entered Level 5 of the Dungeon
  4995 | D:5      | You fall into a shaft and drop 1 floor!
  5030 | D:6      | Reached skill level 8 in Spellcasting
  5590 | D:5      | Found a sparkling altar of Nemelex Xobeh.
  5721 | D:5      | Reached skill level 9 in Spellcasting
  5721 | D:5      | Reached XP level 8. HP: 11/41 MP: 19/23
  6987 | D:5      | Reached skill level 10 in Spellcasting
  7913 | D:6      | Found a staircase to the Ecumenical Temple.
  7930 | Temple   | Entered the Ecumenical Temple
  7988 | Temple   | Became a worshipper of Sif Muna the Loreminder
  9000 | D:7      | Reached skill level 10 in Ice Magic
  9060 | D:7      | Reached skill level 11 in Spellcasting
  9060 | D:7      | Reached XP level 9. HP: 38/45 MP: 21/26
  9066 | D:7      | Learned a level 4 spell: Summon Ice Beast
  9529 | D:7      | Found a shimmering altar of Xom.
  9718 | D:8      | Reached skill level 1 in Summonings
  9936 | D:8      | Reached * piety under Sif Muna
  9990 | D:8      | Found a roughly hewn altar of Beogh.
 10407 | D:8      | Noticed a two-headed ogre
 10416 | D:8      | Killed a two-headed ogre
 10424 | D:8      | Reached skill level 12 in Spellcasting
 10606 | D:8      | Reached ** piety under Sif Muna
 10659 | D:8      | Slain by a gnoll

Illustrated notes

Levels and vault maps discovered:
D:1:      minmay_arrival_doors, layout_rooms, minmay_heptomino_o4
D:2:      cheibrodos_old_hovel, layout_basic, good_gods_mini_temple,
          chequers_temple_overflow_statue_of_worship, minmay_ruptured,
          uniq_natasha
D:3:      layout_loops_cross, lemuel_doored_altar, serial_bayou_pond_d
D:4:      layout_loops_ring, gup_sewer_entry_spiral, grunt_decor_mini_mirrors,
          st_stairs_10, corexii_shack
D:5:      layout_layer_cave, nemelex_xobeh_ov_fountains_minmay,
          kennysheep_decorative_pillar
D:6:      layout_loops_ring, minmay_temple_entry_gardened_gates,
          minmay_unpleasant_kobolds
D:7:      layout_basic, basic_altar
D:8:      layout_layer_cave, special_room [special_room_orc], basic_altar
Temple:   bh_familiar_temple

Skill      XL: |  1  2  3  4  5  6  7  8  9 |
---------------+----------------------------+-----
Spellcasting   | 4 5 6 7 9 11 12 | 12.3
Ice Magic      | 5 6 7 8 10 11 | 11.0
Hexes          | 2 |  2.0
Summonings     | 2 |  2.0
Dodging        | |  2.4
Stealth        | |  2.4

Action                   |  1- 3 |  4- 6 |  7- 9 || total
-------------------------+-------+-------+-------++-------
Melee: Dagger            |    17 |    50 |   298 ||   365
Throw: Stone             |     1 |     1 |     1 ||     3
 Cast: Freeze            |    50 |    23 |    11 ||    84
       Frozen Ramparts   |     1 |     8 |    26 ||    35
       Ozocubu's Armour  |     1 |     3 |    28 ||    32
       Ensorcelled Hiber |       |     7 |    17 ||    24
       Summon Ice Beast  |       |       |    18 ||    18
Evoke: Wand              |       |       |     6 ||     6
 Stab: Sleeping          |     1 |     8 |    16 ||    25
       Paralysed         |       |       |     4 ||     4
Armor: Robe              |     5 |     8 |    79 ||    92
Dodge: Dodged            |    35 |    49 |   226 ||   310

Table legend: (Time is in decaauts)
 A = Elapsed time spent in this place.
 B = Non-inter-level travel time spent in this place.
 C = Inter-level travel time spent in this place.
 D = Time resting spent in this place.
 E = Time spent auto-exploring this place.
 F = Levels seen in this place.
 G = Mean time per level.
                   A        B        C        D        E       F      G
               +--------+--------+--------+--------+--------+-----+--------+
         Total |  10706 |  10185 |    521 |   1427 |   6911 |   9 | 1189.6 |
       Dungeon |  10613 |  10108 |    505 |   1427 |   6882 |   8 | 1326.6 |
        Temple |     92 |     76 |     16 |      0 |     29 |   1 |   92.0 |
               +--------+--------+--------+--------+--------+-----+--------+

Top non-repeatable levels by time:
     D:5: 2295 daAuts
     D:6: 1820 daAuts
     D:2: 1613 daAuts
     D:4: 1498 daAuts
     D:1: 982 daAuts
     D:7: 967 daAuts
     D:8: 753 daAuts
     D:3: 683 daAuts
  Temple: 92 daAuts
